%YAML 1.1
%TAG !u! tag:unity3d.com,2011:
--- !u!1 &774523887830336143
GameObject:
  m_ObjectHideFlags: 0
  m_CorrespondingSourceObject: {fileID: 0}
  m_PrefabInstance: {fileID: 0}
  m_PrefabAsset: {fileID: 0}
  serializedVersion: 6
  m_Component:
  - component: {fileID: 7715329618910811619}
  m_Layer: 0
  m_Name: Virtual Camera Trigger
  m_TagString: Untagged
  m_Icon: {fileID: 0}
  m_NavMeshLayer: 0
  m_StaticEditorFlags: 0
  m_IsActive: 0
--- !u!4 &7715329618910811619
Transform:
  m_ObjectHideFlags: 0
  m_CorrespondingSourceObject: {fileID: 0}
  m_PrefabInstance: {fileID: 0}
  m_PrefabAsset: {fileID: 0}
  m_GameObject: {fileID: 774523887830336143}
  m_LocalRotation: {x: 0, y: 0, z: 0, w: 1}
  m_LocalPosition: {x: 0, y: 0, z: 0}
  m_LocalScale: {x: 1, y: 1, z: 1}
  m_ConstrainProportionsScale: 0
  m_Children:
  - {fileID: 3552582237823742417}
  m_Father: {fileID: 880506359049940029}
  m_RootOrder: 0
  m_LocalEulerAnglesHint: {x: 0, y: 0, z: 0}
--- !u!1 &1311843915084266068
GameObject:
  m_ObjectHideFlags: 0
  m_CorrespondingSourceObject: {fileID: 0}
  m_PrefabInstance: {fileID: 0}
  m_PrefabAsset: {fileID: 0}
  serializedVersion: 6
  m_Component:
  - component: {fileID: 726351550709345952}
  m_Layer: 0
  m_Name: StartPoint
  m_TagString: Untagged
  m_Icon: {fileID: 3936346786652291628, guid: 0000000000000000d000000000000000, type: 0}
  m_NavMeshLayer: 0
  m_StaticEditorFlags: 0
  m_IsActive: 1
--- !u!4 &726351550709345952
Transform:
  m_ObjectHideFlags: 0
  m_CorrespondingSourceObject: {fileID: 0}
  m_PrefabInstance: {fileID: 0}
  m_PrefabAsset: {fileID: 0}
  m_GameObject: {fileID: 1311843915084266068}
  m_LocalRotation: {x: 0, y: 0, z: 0, w: 1}
  m_LocalPosition: {x: -367.8, y: 0, z: 26.5}
  m_LocalScale: {x: 1, y: 1, z: 1}
  m_ConstrainProportionsScale: 0
  m_Children: []
  m_Father: {fileID: 880506359049940029}
  m_RootOrder: 2
  m_LocalEulerAnglesHint: {x: 0, y: 0, z: 0}
--- !u!1 &2029207798540423098
GameObject:
  m_ObjectHideFlags: 0
  m_CorrespondingSourceObject: {fileID: 0}
  m_PrefabInstance: {fileID: 0}
  m_PrefabAsset: {fileID: 0}
  serializedVersion: 6
  m_Component:
  - component: {fileID: 925477504569100176}
  m_Layer: 8
  m_Name: CameraTarget
  m_TagString: Untagged
  m_Icon: {fileID: 0}
  m_NavMeshLayer: 0
  m_StaticEditorFlags: 0
  m_IsActive: 1
--- !u!4 &925477504569100176
Transform:
  m_ObjectHideFlags: 0
  m_CorrespondingSourceObject: {fileID: 0}
  m_PrefabInstance: {fileID: 0}
  m_PrefabAsset: {fileID: 0}
  m_GameObject: {fileID: 2029207798540423098}
  m_LocalRotation: {x: 0.38268343, y: -0, z: -0, w: 0.92387956}
  m_LocalPosition: {x: -44.9, y: 43.59, z: -29.150002}
  m_LocalScale: {x: 1, y: 1, z: 1}
  m_ConstrainProportionsScale: 0
  m_Children: []
  m_Father: {fileID: 880506359049940029}
  m_RootOrder: 3
  m_LocalEulerAnglesHint: {x: 45, y: 0, z: 0}
--- !u!1 &2674397021404071707
GameObject:
  m_ObjectHideFlags: 0
  m_CorrespondingSourceObject: {fileID: 0}
  m_PrefabInstance: {fileID: 0}
  m_PrefabAsset: {fileID: 0}
  serializedVersion: 6
  m_Component:
  - component: {fileID: 6491605524529573342}
  - component: {fileID: 5778551259081954051}
  m_Layer: 0
  m_Name: CM vcam3
  m_TagString: Untagged
  m_Icon: {fileID: 0}
  m_NavMeshLayer: 0
  m_StaticEditorFlags: 0
  m_IsActive: 0
--- !u!4 &6491605524529573342
Transform:
  m_ObjectHideFlags: 0
  m_CorrespondingSourceObject: {fileID: 0}
  m_PrefabInstance: {fileID: 0}
  m_PrefabAsset: {fileID: 0}
  m_GameObject: {fileID: 2674397021404071707}
  m_LocalRotation: {x: 0.38268343, y: 0, z: 0, w: 0.92387956}
  m_LocalPosition: {x: 17, y: 50, z: -85.26}
  m_LocalScale: {x: 1, y: 1, z: 1}
  m_ConstrainProportionsScale: 0
  m_Children:
  - {fileID: 4987222125240258807}
  m_Father: {fileID: 2847279003068723505}
  m_RootOrder: 0
  m_LocalEulerAnglesHint: {x: 45, y: 0, z: 0}
--- !u!114 &5778551259081954051
MonoBehaviour:
  m_ObjectHideFlags: 0
  m_CorrespondingSourceObject: {fileID: 0}
  m_PrefabInstance: {fileID: 0}
  m_PrefabAsset: {fileID: 0}
  m_GameObject: {fileID: 2674397021404071707}
  m_Enabled: 1
  m_EditorHideFlags: 0
  m_Script: {fileID: 11500000, guid: 45e653bab7fb20e499bda25e1b646fea, type: 3}
  m_Name: 
  m_EditorClassIdentifier: 
  m_ExcludedPropertiesInInspector:
  - m_Script
  m_LockStageInInspector: 
  m_StreamingVersion: 20170927
  m_Priority: 13
  m_StandbyUpdate: 2
  m_LookAt: {fileID: 0}
  m_Follow: {fileID: 0}
  m_Lens:
    FieldOfView: 40
    OrthographicSize: 5
    NearClipPlane: 0.3
    FarClipPlane: 1000
    Dutch: 0
    ModeOverride: 0
    LensShift: {x: 0, y: 0}
    GateFit: 2
    m_SensorSize: {x: 1, y: 1}
  m_Transitions:
    m_BlendHint: 0
    m_InheritPosition: 0
    m_OnCameraLive:
      m_PersistentCalls:
        m_Calls: []
  m_LegacyBlendHint: 0
  m_ComponentOwner: {fileID: 4987222125240258807}
--- !u!1 &3421032847547799100
GameObject:
  m_ObjectHideFlags: 0
  m_CorrespondingSourceObject: {fileID: 0}
  m_PrefabInstance: {fileID: 0}
  m_PrefabAsset: {fileID: 0}
  serializedVersion: 6
  m_Component:
  - component: {fileID: 624085830022597014}
  - component: {fileID: 2295407928628952808}
  - component: {fileID: 4176301415180540947}
  m_Layer: 0
  m_Name: Directional Light
  m_TagString: Untagged
  m_Icon: {fileID: 0}
  m_NavMeshLayer: 0
  m_StaticEditorFlags: 0
  m_IsActive: 1
--- !u!4 &624085830022597014
Transform:
  m_ObjectHideFlags: 0
  m_CorrespondingSourceObject: {fileID: 0}
  m_PrefabInstance: {fileID: 0}
  m_PrefabAsset: {fileID: 0}
  m_GameObject: {fileID: 3421032847547799100}
  m_LocalRotation: {x: 0.40821788, y: -0.23456968, z: 0.10938163, w: 0.8754261}
  m_LocalPosition: {x: 39, y: 124, z: 39.61374}
  m_LocalScale: {x: 1, y: 1, z: 1}
  m_ConstrainProportionsScale: 0
  m_Children: []
  m_Father: {fileID: 880506359049940029}
  m_RootOrder: 5
  m_LocalEulerAnglesHint: {x: 50, y: -30, z: 0}
--- !u!108 &2295407928628952808
Light:
  m_ObjectHideFlags: 0
  m_CorrespondingSourceObject: {fileID: 0}
  m_PrefabInstance: {fileID: 0}
  m_PrefabAsset: {fileID: 0}
  m_GameObject: {fileID: 3421032847547799100}
  m_Enabled: 1
  serializedVersion: 10
  m_Type: 1
  m_Shape: 0
  m_Color: {r: 1, g: 1, b: 1, a: 1}
  m_Intensity: 1
  m_Range: 10
  m_SpotAngle: 30
  m_InnerSpotAngle: 21.80208
  m_CookieSize: 10
  m_Shadows:
    m_Type: 0
    m_Resolution: -1
    m_CustomResolution: -1
    m_Strength: 1
    m_Bias: 0.05
    m_NormalBias: 0.4
    m_NearPlane: 0.2
    m_CullingMatrixOverride:
      e00: 1
      e01: 0
      e02: 0
      e03: 0
      e10: 0
      e11: 1
      e12: 0
      e13: 0
      e20: 0
      e21: 0
      e22: 1
      e23: 0
      e30: 0
      e31: 0
      e32: 0
      e33: 1
    m_UseCullingMatrixOverride: 0
  m_Cookie: {fileID: 0}
  m_DrawHalo: 0
  m_Flare: {fileID: 0}
  m_RenderMode: 0
  m_CullingMask:
    serializedVersion: 2
    m_Bits: 4294967295
  m_RenderingLayerMask: 1
  m_Lightmapping: 4
  m_LightShadowCasterMode: 0
  m_AreaSize: {x: 1, y: 1}
  m_BounceIntensity: 1
  m_ColorTemperature: 6570
  m_UseColorTemperature: 0
  m_BoundingSphereOverride: {x: 0, y: 0, z: 0, w: 0}
  m_UseBoundingSphereOverride: 0
  m_UseViewFrustumForShadowCasterCull: 1
  m_ShadowRadius: 0
  m_ShadowAngle: 0
--- !u!114 &4176301415180540947
MonoBehaviour:
  m_ObjectHideFlags: 0
  m_CorrespondingSourceObject: {fileID: 0}
  m_PrefabInstance: {fileID: 0}
  m_PrefabAsset: {fileID: 0}
  m_GameObject: {fileID: 3421032847547799100}
  m_Enabled: 1
  m_EditorHideFlags: 0
  m_Script: {fileID: 11500000, guid: 474bcb49853aa07438625e644c072ee6, type: 3}
  m_Name: 
  m_EditorClassIdentifier: 
  m_Version: 1
  m_UsePipelineSettings: 1
  m_AdditionalLightsShadowResolutionTier: 2
  m_LightLayerMask: 1
  m_CustomShadowLayers: 0
  m_ShadowLayerMask: 1
  m_LightCookieSize: {x: 1, y: 1}
  m_LightCookieOffset: {x: 0, y: 0}
--- !u!1 &4094247619116040791
GameObject:
  m_ObjectHideFlags: 0
  m_CorrespondingSourceObject: {fileID: 0}
  m_PrefabInstance: {fileID: 0}
  m_PrefabAsset: {fileID: 0}
  serializedVersion: 6
  m_Component:
  - component: {fileID: 3973146252096527085}
  - component: {fileID: 109099476570625848}
  - component: {fileID: 8554639999652472777}
  - component: {fileID: 5041732544599088920}
  - component: {fileID: 5344419626161724342}
  m_Layer: 6
  m_Name: Plane (1)
  m_TagString: Untagged
  m_Icon: {fileID: 0}
  m_NavMeshLayer: 0
  m_StaticEditorFlags: 0
  m_IsActive: 1
--- !u!4 &3973146252096527085
Transform:
  m_ObjectHideFlags: 0
  m_CorrespondingSourceObject: {fileID: 0}
  m_PrefabInstance: {fileID: 0}
  m_PrefabAsset: {fileID: 0}
  m_GameObject: {fileID: 4094247619116040791}
  m_LocalRotation: {x: 0, y: 1, z: 0, w: 0}
  m_LocalPosition: {x: -403, y: 0, z: 71}
  m_LocalScale: {x: 1, y: 1, z: 1}
  m_ConstrainProportionsScale: 0
  m_Children: []
  m_Father: {fileID: 8613989679790733441}
  m_RootOrder: 0
  m_LocalEulerAnglesHint: {x: 0, y: 180, z: 0}
--- !u!33 &109099476570625848
MeshFilter:
  m_ObjectHideFlags: 0
  m_CorrespondingSourceObject: {fileID: 0}
  m_PrefabInstance: {fileID: 0}
  m_PrefabAsset: {fileID: 0}
  m_GameObject: {fileID: 4094247619116040791}
  m_Mesh: {fileID: 0}
--- !u!23 &8554639999652472777
MeshRenderer:
  m_ObjectHideFlags: 0
  m_CorrespondingSourceObject: {fileID: 0}
  m_PrefabInstance: {fileID: 0}
  m_PrefabAsset: {fileID: 0}
  m_GameObject: {fileID: 4094247619116040791}
  m_Enabled: 1
  m_CastShadows: 1
  m_ReceiveShadows: 1
  m_DynamicOccludee: 1
  m_StaticShadowCaster: 0
  m_MotionVectors: 1
  m_LightProbeUsage: 1
  m_ReflectionProbeUsage: 1
  m_RayTracingMode: 2
  m_RayTraceProcedural: 0
  m_RenderingLayerMask: 1
  m_RendererPriority: 0
  m_Materials:
  - {fileID: 2100000, guid: b0f54b2089636c549b8eddc2605201da, type: 2}
  m_StaticBatchInfo:
    firstSubMesh: 0
    subMeshCount: 0
  m_StaticBatchRoot: {fileID: 0}
  m_ProbeAnchor: {fileID: 0}
  m_LightProbeVolumeOverride: {fileID: 0}
  m_ScaleInLightmap: 1
  m_ReceiveGI: 1
  m_PreserveUVs: 0
  m_IgnoreNormalsForChartDetection: 0
  m_ImportantGI: 0
  m_StitchLightmapSeams: 1
  m_SelectedEditorRenderState: 2
  m_MinimumChartSize: 4
  m_AutoUVMaxDistance: 0.5
  m_AutoUVMaxAngle: 89
  m_LightmapParameters: {fileID: 0}
  m_SortingLayerID: 0
  m_SortingLayer: 0
  m_SortingOrder: 0
  m_AdditionalVertexStreams: {fileID: 0}
--- !u!64 &5041732544599088920
MeshCollider:
  m_ObjectHideFlags: 0
  m_CorrespondingSourceObject: {fileID: 0}
  m_PrefabInstance: {fileID: 0}
  m_PrefabAsset: {fileID: 0}
  m_GameObject: {fileID: 4094247619116040791}
  m_Material: {fileID: 0}
  m_IsTrigger: 0
  m_Enabled: 1
  serializedVersion: 4
  m_Convex: 0
  m_CookingOptions: 30
  m_Mesh: {fileID: 0}
--- !u!114 &5344419626161724342
MonoBehaviour:
  m_ObjectHideFlags: 0
  m_CorrespondingSourceObject: {fileID: 0}
  m_PrefabInstance: {fileID: 0}
  m_PrefabAsset: {fileID: 0}
  m_GameObject: {fileID: 4094247619116040791}
  m_Enabled: 1
  m_EditorHideFlags: 0
  m_Script: {fileID: 11500000, guid: 8233d90336aea43098adf6dbabd606a2, type: 3}
  m_Name: 
  m_EditorClassIdentifier: 
  m_MeshFormatVersion: 2
  m_Faces:
  - m_Indexes: 000000000100000002000000000000000300000001000000
    m_SmoothingGroup: 1
    m_Uv:
      m_UseWorldSpace: 0
      m_FlipU: 0
      m_FlipV: 0
      m_SwapUV: 0
      m_Fill: 1
      m_Scale: {x: 0.0625, y: 0.0625}
      m_Offset: {x: 4, y: -5}
      m_Rotation: 0
      m_Anchor: 9
    m_Material: {fileID: 0}
    m_SubmeshIndex: 0
    m_ManualUV: 0
    elementGroup: -1
    m_TextureGroup: -1
  m_SharedVertices:
  - m_Vertices: 02000000
  - m_Vertices: 01000000
  - m_Vertices: 00000000
  - m_Vertices: 03000000
  m_SharedTextures:
  - m_Vertices: 00000000
  - m_Vertices: 01000000
  - m_Vertices: 02000000
  - m_Vertices: 03000000
  m_Positions:
  - {x: 22.017029, y: 0, z: 451.99255}
  - {x: -398.4419, y: 0, z: -33.007126}
  - {x: -398.4419, y: 0, z: 451.99255}
  - {x: 22.017029, y: 0, z: -33.00708}
  m_Textures0:
  - {x: -2.6239357, y: 33.249535}
  - {x: -28.902618, y: 2.9370546}
  - {x: -28.902618, y: 33.249535}
  - {x: -2.6239357, y: 2.9370575}
  m_Textures2: []
  m_Textures3: []
  m_Tangents:
  - {x: 1, y: 0, z: 0, w: -1}
  - {x: 1, y: 0, z: 0, w: -1}
  - {x: 1, y: 0, z: 0, w: -1}
  - {x: 1, y: 0, z: 0, w: -1}
  m_Colors: []
  m_UnwrapParameters:
    m_HardAngle: 88
    m_PackMargin: 20
    m_AngleError: 8
    m_AreaError: 15
  m_PreserveMeshAssetOnDestroy: 0
  assetGuid: 
  m_Mesh: {fileID: 0}
  m_VersionIndex: 1303
  m_IsSelectable: 1
  m_SelectedFaces: 
  m_SelectedEdges: []
  m_SelectedVertices: 
--- !u!1 &4462326429081479267
GameObject:
  m_ObjectHideFlags: 0
  m_CorrespondingSourceObject: {fileID: 0}
  m_PrefabInstance: {fileID: 0}
  m_PrefabAsset: {fileID: 0}
  serializedVersion: 6
  m_Component:
  - component: {fileID: 2847279003068723505}
  m_Layer: 0
  m_Name: Virtual Camera
  m_TagString: Untagged
  m_Icon: {fileID: 0}
  m_NavMeshLayer: 0
  m_StaticEditorFlags: 0
  m_IsActive: 0
--- !u!4 &2847279003068723505
Transform:
  m_ObjectHideFlags: 0
  m_CorrespondingSourceObject: {fileID: 0}
  m_PrefabInstance: {fileID: 0}
  m_PrefabAsset: {fileID: 0}
  m_GameObject: {fileID: 4462326429081479267}
  m_LocalRotation: {x: 0, y: 0, z: 0, w: 1}
  m_LocalPosition: {x: 0, y: 42.2, z: -5.7}
  m_LocalScale: {x: 1, y: 1, z: 1}
  m_ConstrainProportionsScale: 0
  m_Children:
  - {fileID: 6491605524529573342}
  m_Father: {fileID: 880506359049940029}
  m_RootOrder: 1
  m_LocalEulerAnglesHint: {x: 0, y: 0, z: 0}
--- !u!1 &5081670726993913455
GameObject:
  m_ObjectHideFlags: 0
  m_CorrespondingSourceObject: {fileID: 0}
  m_PrefabInstance: {fileID: 0}
  m_PrefabAsset: {fileID: 0}
  serializedVersion: 6
  m_Component:
  - component: {fileID: 16532390881502159}
  - component: {fileID: 6840277914670142313}
  m_Layer: 8
  m_Name: FollowEnemyCamera
  m_TagString: Untagged
  m_Icon: {fileID: 0}
  m_NavMeshLayer: 0
  m_StaticEditorFlags: 0
  m_IsActive: 1
--- !u!4 &16532390881502159
Transform:
  m_ObjectHideFlags: 0
  m_CorrespondingSourceObject: {fileID: 0}
  m_PrefabInstance: {fileID: 0}
  m_PrefabAsset: {fileID: 0}
  m_GameObject: {fileID: 5081670726993913455}
  m_LocalRotation: {x: -0, y: -0, z: -0, w: 1}
  m_LocalPosition: {x: -44.9, y: 45.28706, z: -30.281372}
  m_LocalScale: {x: 1, y: 1, z: 1}
  m_ConstrainProportionsScale: 0
  m_Children:
  - {fileID: 5420283939962139603}
  m_Father: {fileID: 880506359049940029}
  m_RootOrder: 4
  m_LocalEulerAnglesHint: {x: 0, y: 0, z: 0}
--- !u!114 &6840277914670142313
MonoBehaviour:
  m_ObjectHideFlags: 0
  m_CorrespondingSourceObject: {fileID: 0}
  m_PrefabInstance: {fileID: 0}
  m_PrefabAsset: {fileID: 0}
  m_GameObject: {fileID: 5081670726993913455}
  m_Enabled: 1
  m_EditorHideFlags: 0
  m_Script: {fileID: 11500000, guid: 45e653bab7fb20e499bda25e1b646fea, type: 3}
  m_Name: 
  m_EditorClassIdentifier: 
  m_ExcludedPropertiesInInspector:
  - m_Script
  m_LockStageInInspector: 
  m_StreamingVersion: 20170927
  m_Priority: 10
  m_StandbyUpdate: 2
  m_LookAt: {fileID: 0}
  m_Follow: {fileID: 925477504569100176}
  m_Lens:
    FieldOfView: 40
    OrthographicSize: 5
    NearClipPlane: 0.3
    FarClipPlane: 1000
    Dutch: 0
    ModeOverride: 0
    LensShift: {x: 0, y: 0}
    GateFit: 2
    m_SensorSize: {x: 1, y: 1}
  m_Transitions:
    m_BlendHint: 0
    m_InheritPosition: 0
    m_OnCameraLive:
      m_PersistentCalls:
        m_Calls: []
  m_LegacyBlendHint: 0
  m_ComponentOwner: {fileID: 5420283939962139603}
--- !u!1 &5631917134070283862
GameObject:
  m_ObjectHideFlags: 0
  m_CorrespondingSourceObject: {fileID: 0}
  m_PrefabInstance: {fileID: 0}
  m_PrefabAsset: {fileID: 0}
  serializedVersion: 6
  m_Component:
  - component: {fileID: 8613989679790733441}
  m_Layer: 0
  m_Name: Stage
  m_TagString: Untagged
  m_Icon: {fileID: 0}
  m_NavMeshLayer: 0
  m_StaticEditorFlags: 0
  m_IsActive: 1
--- !u!4 &8613989679790733441
Transform:
  m_ObjectHideFlags: 0
  m_CorrespondingSourceObject: {fileID: 0}
  m_PrefabInstance: {fileID: 0}
  m_PrefabAsset: {fileID: 0}
  m_GameObject: {fileID: 5631917134070283862}
  m_LocalRotation: {x: -0, y: -0, z: -0, w: 1}
  m_LocalPosition: {x: 0, y: 0, z: 0}
  m_LocalScale: {x: 1, y: 1, z: 1}
  m_ConstrainProportionsScale: 0
  m_Children:
  - {fileID: 3973146252096527085}
  - {fileID: 2152272937614803160}
  m_Father: {fileID: 880506359049940029}
  m_RootOrder: 6
  m_LocalEulerAnglesHint: {x: 0, y: 0, z: 0}
--- !u!1 &5995014570813772937
GameObject:
  m_ObjectHideFlags: 0
  m_CorrespondingSourceObject: {fileID: 0}
  m_PrefabInstance: {fileID: 0}
  m_PrefabAsset: {fileID: 0}
  serializedVersion: 6
  m_Component:
  - component: {fileID: 880506359049940029}
  - component: {fileID: 1252558941222009314}
  m_Layer: 0
  m_Name: Scene 20
  m_TagString: Untagged
  m_Icon: {fileID: 0}
  m_NavMeshLayer: 0
  m_StaticEditorFlags: 0
  m_IsActive: 1
--- !u!4 &880506359049940029
Transform:
  m_ObjectHideFlags: 0
  m_CorrespondingSourceObject: {fileID: 0}
  m_PrefabInstance: {fileID: 0}
  m_PrefabAsset: {fileID: 0}
  m_GameObject: {fileID: 5995014570813772937}
  m_LocalRotation: {x: 0, y: 0, z: 0, w: 1}
  m_LocalPosition: {x: 0, y: 0, z: 0}
  m_LocalScale: {x: 1, y: 1, z: 1}
  m_ConstrainProportionsScale: 0
  m_Children:
  - {fileID: 7715329618910811619}
  - {fileID: 2847279003068723505}
  - {fileID: 726351550709345952}
  - {fileID: 925477504569100176}
  - {fileID: 16532390881502159}
  - {fileID: 624085830022597014}
  - {fileID: 8613989679790733441}
  - {fileID: 8045632235804241319}
  - {fileID: 896688459291434785}
  m_Father: {fileID: 0}
  m_RootOrder: 0
  m_LocalEulerAnglesHint: {x: 0, y: 0, z: 0}
--- !u!114 &1252558941222009314
MonoBehaviour:
  m_ObjectHideFlags: 0
  m_CorrespondingSourceObject: {fileID: 0}
  m_PrefabInstance: {fileID: 0}
  m_PrefabAsset: {fileID: 0}
  m_GameObject: {fileID: 5995014570813772937}
  m_Enabled: 1
  m_EditorHideFlags: 0
  m_Script: {fileID: 11500000, guid: 15479e565bcb81c418a7c79658478b4c, type: 3}
  m_Name: 
  m_EditorClassIdentifier: 
  player: {fileID: 8045632235804241313}
  checkpoints: []
--- !u!1 &6879977279294080344
GameObject:
  m_ObjectHideFlags: 0
  m_CorrespondingSourceObject: {fileID: 0}
  m_PrefabInstance: {fileID: 0}
  m_PrefabAsset: {fileID: 0}
  serializedVersion: 6
  m_Component:
  - component: {fileID: 2152272937614803160}
  - component: {fileID: 7598073922950864969}
  - component: {fileID: 7841743352780035082}
  - component: {fileID: 6130889620425641507}
  - component: {fileID: 719919260745561009}
  - component: {fileID: 2595317124517728537}
  m_Layer: 0
  m_Name: PolyShape
  m_TagString: Untagged
  m_Icon: {fileID: 0}
  m_NavMeshLayer: 0
  m_StaticEditorFlags: 0
  m_IsActive: 1
--- !u!4 &2152272937614803160
Transform:
  m_ObjectHideFlags: 0
  m_CorrespondingSourceObject: {fileID: 0}
  m_PrefabInstance: {fileID: 0}
  m_PrefabAsset: {fileID: 0}
  m_GameObject: {fileID: 6879977279294080344}
  m_LocalRotation: {x: -0, y: -0, z: -0, w: 1}
  m_LocalPosition: {x: -63.535553, y: 0.01, z: -312.82806}
  m_LocalScale: {x: 1, y: 1, z: 1}
  m_ConstrainProportionsScale: 0
  m_Children: []
  m_Father: {fileID: 8613989679790733441}
  m_RootOrder: 1
  m_LocalEulerAnglesHint: {x: 0, y: 0, z: 0}
--- !u!114 &7598073922950864969
MonoBehaviour:
  m_ObjectHideFlags: 0
  m_CorrespondingSourceObject: {fileID: 0}
  m_PrefabInstance: {fileID: 0}
  m_PrefabAsset: {fileID: 0}
  m_GameObject: {fileID: 6879977279294080344}
  m_Enabled: 1
  m_EditorHideFlags: 0
  m_Script: {fileID: 11500000, guid: 8233d90336aea43098adf6dbabd606a2, type: 3}
  m_Name: 
  m_EditorClassIdentifier: 
  m_MeshFormatVersion: 2
  m_Faces:
  - m_Indexes: 5d0000005e0000005c0000005e0000005b0000005c0000005f0000005b0000005e00000000000000010000000200000004000000020000000300000002000000040000000000000004000000050000000000000006000000000000000500000006000000720000000000000006000000070000007200000072000000070000000800000072000000080000007100000071000000080000000900000071000000090000007000000070000000090000000a0000006f000000700000000a0000006f0000000a0000006e0000000a0000000b0000006e0000000f0000000d0000000e0000000f0000000c0000000d0000000f000000100000000c000000100000000b0000000c000000100000006e0000000b000000110000006e000000100000006d0000006e000000110000006c0000006d000000110000006b0000006c0000001100000011000000120000006b0000006a0000006b000000120000006a00000012000000130000006a00000013000000690000006900000013000000680000006800000013000000140000006800000014000000670000001400000015000000670000006700000015000000660000001500000016000000660000006600000016000000650000004d0000004b0000004c0000003d0000003b0000003c0000003a0000003b0000003d0000003e0000003a0000003d000000390000003a0000003e0000003e0000003f000000390000003f00000038000000390000002e0000002f0000002d0000002d0000002f000000300000002d000000300000002c0000002c000000300000002b00000030000000310000002b0000002b000000310000002a00000031000000320000002a0000002a00000032000000330000002a000000330000002900000029000000330000002800000028000000330000002700000033000000340000002700000027000000340000002600000034000000350000002600000035000000360000002600000036000000250000002600000036000000370000002500000025000000370000002400000037000000380000002400000023000000240000003800000023000000380000003f00000040000000230000003f00000022000000230000004000000022000000400000004100000022000000410000002100000020000000210000004100000020000000410000004200000020000000420000001f0000001e0000001f0000004200000044000000450000004600000046000000470000004800000046000000480000004400000044000000480000004900000049000000430000004400000043000000490000004a00000042000000430000004a0000004a0000001e000000420000001d0000001e0000004a0000004b0000001d0000004a0000001d0000004b0000004d0000004e0000001d0000004d0000004e0000001c0000001d0000004e0000004f0000001c0000004f0000001b0000001c0000001a0000001b0000004f000000500000001a0000004f000000190000001a0000005000000019000000500000005100000019000000510000001800000018000000510000005200000018000000520000001700000017000000520000005300000016000000170000005300000016000000530000006500000065000000530000005400000065000000540000006400000064000000540000006300000063000000540000005500000063000000550000006200000055000000560000006200000062000000560000006100000056000000570000006100000061000000570000006000000060000000570000005f00000057000000580000005f000000590000005a000000580000005a0000005f000000580000005a0000005b0000005f000000
    m_SmoothingGroup: 0
    m_Uv:
      m_UseWorldSpace: 0
      m_FlipU: 0
      m_FlipV: 0
      m_SwapUV: 0
      m_Fill: 1
      m_Scale: {x: 1, y: 1}
      m_Offset: {x: 0, y: 0}
      m_Rotation: 0
      m_Anchor: 9
    m_Material: {fileID: 2100000, guid: 31321ba15b8f8eb4c954353edc038b1d, type: 2}
    m_SubmeshIndex: 0
    m_ManualUV: 0
    elementGroup: 0
    m_TextureGroup: -1
  m_SharedVertices:
  - m_Vertices: 00000000
  - m_Vertices: 01000000
  - m_Vertices: 02000000
  - m_Vertices: 03000000
  - m_Vertices: 04000000
  - m_Vertices: 05000000
  - m_Vertices: 06000000
  - m_Vertices: 07000000
  - m_Vertices: 08000000
  - m_Vertices: 09000000
  - m_Vertices: 0a000000
  - m_Vertices: 0b000000
  - m_Vertices: 0c000000
  - m_Vertices: 0d000000
  - m_Vertices: 0e000000
  - m_Vertices: 0f000000
  - m_Vertices: 10000000
  - m_Vertices: 11000000
  - m_Vertices: 12000000
  - m_Vertices: 13000000
  - m_Vertices: 14000000
  - m_Vertices: 15000000
  - m_Vertices: 16000000
  - m_Vertices: 17000000
  - m_Vertices: 18000000
  - m_Vertices: 19000000
  - m_Vertices: 1a000000
  - m_Vertices: 1b000000
  - m_Vertices: 1c000000
  - m_Vertices: 1d000000
  - m_Vertices: 1e000000
  - m_Vertices: 1f000000
  - m_Vertices: 20000000
  - m_Vertices: 21000000
  - m_Vertices: 22000000
  - m_Vertices: 23000000
  - m_Vertices: 24000000
  - m_Vertices: 25000000
  - m_Vertices: 26000000
  - m_Vertices: 27000000
  - m_Vertices: 28000000
  - m_Vertices: 29000000
  - m_Vertices: 2a000000
  - m_Vertices: 2b000000
  - m_Vertices: 2c000000
  - m_Vertices: 2d000000
  - m_Vertices: 2e000000
  - m_Vertices: 2f000000
  - m_Vertices: 30000000
  - m_Vertices: 31000000
  - m_Vertices: 32000000
  - m_Vertices: 33000000
  - m_Vertices: 34000000
  - m_Vertices: 35000000
  - m_Vertices: 36000000
  - m_Vertices: 37000000
  - m_Vertices: 38000000
  - m_Vertices: 39000000
  - m_Vertices: 3a000000
  - m_Vertices: 3b000000
  - m_Vertices: 3c000000
  - m_Vertices: 3d000000
  - m_Vertices: 3e000000
  - m_Vertices: 3f000000
  - m_Vertices: 40000000
  - m_Vertices: 41000000
  - m_Vertices: 42000000
  - m_Vertices: 43000000
  - m_Vertices: 44000000
  - m_Vertices: 45000000
  - m_Vertices: 46000000
  - m_Vertices: 47000000
  - m_Vertices: 48000000
  - m_Vertices: 49000000
  - m_Vertices: 4a000000
  - m_Vertices: 4b000000
  - m_Vertices: 4c000000
  - m_Vertices: 4d000000
  - m_Vertices: 4e000000
  - m_Vertices: 4f000000
  - m_Vertices: 50000000
  - m_Vertices: 51000000
  - m_Vertices: 52000000
  - m_Vertices: 53000000
  - m_Vertices: 54000000
  - m_Vertices: 55000000
  - m_Vertices: 56000000
  - m_Vertices: 57000000
  - m_Vertices: 58000000
  - m_Vertices: 59000000
  - m_Vertices: 5a000000
  - m_Vertices: 5b000000
  - m_Vertices: 5c000000
  - m_Vertices: 5d000000
  - m_Vertices: 5e000000
  - m_Vertices: 5f000000
  - m_Vertices: 60000000
  - m_Vertices: 61000000
  - m_Vertices: 62000000
  - m_Vertices: 63000000
  - m_Vertices: 64000000
  - m_Vertices: 65000000
  - m_Vertices: 66000000
  - m_Vertices: 67000000
  - m_Vertices: 68000000
  - m_Vertices: 69000000
  - m_Vertices: 6a000000
  - m_Vertices: 6b000000
  - m_Vertices: 6c000000
  - m_Vertices: 6d000000
  - m_Vertices: 6e000000
  - m_Vertices: 6f000000
  - m_Vertices: 70000000
  - m_Vertices: 71000000
  - m_Vertices: 72000000
  m_SharedTextures: []
  m_Positions:
  - {x: 0, y: 0, z: 0}
  - {x: 1.8976364, y: 0, z: 25.618103}
  - {x: 14.232254, y: 0, z: 29.41336}
  - {x: 32.25978, y: 0, z: 25.618103}
  - {x: 34.157425, y: -0.000030517578, z: 14.232269}
  - {x: 33.20862, y: -0.000030517578, z: -12.334625}
  - {x: 27.515717, y: 0, z: -34.15738}
  - {x: -9.488167, y: 0.000030517578, z: -44.59439}
  - {x: -49.338493, y: 0.000030517578, z: -37.952698}
  - {x: -63.57074, y: 0, z: 16.129913}
  - {x: -59.775482, y: 0, z: 88.24002}
  - {x: -57.877853, y: 0, z: 141.37378}
  - {x: -53.13375, y: 0, z: 200.20044}
  - {x: -41.747963, y: 0, z: 215.38152}
  - {x: -23.524689, y: 0, z: 213.57423}
  - {x: -15.753441, y: 0, z: 194.34187}
  - {x: -18.253517, y: 0, z: 137.4128}
  - {x: 13.283447, y: 0, z: 135.68088}
  - {x: 19.925156, y: 0, z: 205.89334}
  - {x: 19.92514, y: 0, z: 243.84602}
  - {x: -7.590538, y: 0, z: 257.12946}
  - {x: -58.826675, y: 0, z: 261.87354}
  - {x: -75.905365, y: 0, z: 254.28302}
  - {x: -84.44473, y: 0, z: 212.53506}
  - {x: -86.34238, y: 0, z: 149.91315}
  - {x: -95.830536, y: 0, z: 125.2439}
  - {x: -156.55484, y: 0, z: 120.49982}
  - {x: -210.63742, y: 0, z: 119.550995}
  - {x: -223.92087, y: 0, z: 150.86195}
  - {x: -221.71991, y: 0, z: 224.52751}
  - {x: -234.8284, y: 0, z: 236.04938}
  - {x: -248.11185, y: 0, z: 232.63058}
  - {x: -256.52286, y: 0, z: 219.42537}
  - {x: -257.1295, y: 0, z: 129.03915}
  - {x: -287.4916, y: 0, z: 116.70453}
  - {x: -306.46796, y: 0, z: 115.75571}
  - {x: -313.1097, y: 0, z: 96.77937}
  - {x: -314.0585, y: -0.000030517578, z: 46.492065}
  - {x: -299.82626, y: 0, z: 37.952698}
  - {x: -245.74365, y: 0, z: 35.106262}
  - {x: -211.58624, y: 0, z: 32.259796}
  - {x: -201.14926, y: 0, z: 13.283478}
  - {x: -195.45636, y: 0, z: -7.5905457}
  - {x: -168.88947, y: 0, z: -7.5905457}
  - {x: -133.78322, y: 0, z: -8.539337}
  - {x: -123.34624, y: 0, z: -33.208588}
  - {x: -122.397415, y: -0.000030517578, z: -63.57074}
  - {x: -158.55646, y: 0, z: -62.64731}
  - {x: -160.74878, y: 0, z: -36.339447}
  - {x: -193.63358, y: 0, z: -34.147125}
  - {x: -230.90305, y: 0, z: -27.57019}
  - {x: -240.4031, y: 0, z: -2.723877}
  - {x: -270.36484, y: 0, z: 1.6607666}
  - {x: -298.13422, y: 0, z: 1.6607666}
  - {x: -335.4036, y: 0, z: 5.314636}
  - {x: -352.21146, y: 0, z: 39.66101}
  - {x: -347.8268, y: 0, z: 110.54602}
  - {x: -350.74988, y: 0, z: 165.35403}
  - {x: -347.82678, y: 0, z: 220.89282}
  - {x: -340.51907, y: 0, z: 228.20056}
  - {x: -318.34647, y: 0, z: 226.00821}
  - {x: -312.2384, y: 0, z: 215.7774}
  - {x: -313.65756, y: 0, z: 174.89647}
  - {x: -309.09583, y: 0, z: 156.58475}
  - {x: -298.86496, y: 0, z: 152.2001}
  - {x: -283.18945, y: 0, z: 158.32068}
  - {x: -282.72055, y: 0, z: 232.0614}
  - {x: -300.7866, y: 0, z: 246.82448}
  - {x: -326.36368, y: 0, z: 252.67065}
  - {x: -344.84082, y: 0, z: 253.92441}
  - {x: -353.88025, y: 0, z: 263.46948}
  - {x: -353.4023, y: 0, z: 288.39017}
  - {x: -338.08722, y: 0, z: 298.84097}
  - {x: -305.3951, y: 0, z: 295.71274}
  - {x: -260.2284, y: 0, z: 289.50177}
  - {x: -218.08102, y: 0, z: 283.91138}
  - {x: -186.85292, y: 0, z: 274.02164}
  - {x: -174.19225, y: 0, z: 251.39795}
  - {x: -171.4397, y: 0, z: 200.78574}
  - {x: -171.4397, y: 0, z: 171.55481}
  - {x: -143.67029, y: 0, z: 168.63171}
  - {x: -129.7856, y: 0, z: 174.4779}
  - {x: -120.28555, y: 0, z: 186.17027}
  - {x: -115.90091, y: 0, z: 241.70906}
  - {x: -140.74721, y: 0, z: 278.24774}
  - {x: -163.40118, y: 0, z: 303.82483}
  - {x: -207.97836, y: 0, z: 313.32486}
  - {x: -276.28317, y: 0, z: 323.79462}
  - {x: -327.6902, y: 0, z: 325.45016}
  - {x: -348.1657, y: 0, z: 328.74728}
  - {x: -354.86386, y: 0, z: 344.01733}
  - {x: -353.4023, y: 0, z: 372.51752}
  - {x: -353.4023, y: 0, z: 394.4407}
  - {x: -316.86362, y: 0, z: 394.44073}
  - {x: -319.05594, y: 0, z: 369.59442}
  - {x: -316.86362, y: 0, z: 352.78662}
  - {x: -275.20953, y: 0, z: 349.86353}
  - {x: -221.1323, y: 0, z: 343.28656}
  - {x: -174.36278, y: 0, z: 335.97882}
  - {x: -134.90102, y: 0, z: 319.9018}
  - {x: -112.97781, y: 0, z: 295.0555}
  - {x: -99.82388, y: 0, z: 287.7478}
  - {x: -72.054504, y: 0, z: 292.86322}
  - {x: -20.16957, y: 0, z: 289.94012}
  - {x: 24.407608, y: 0, z: 281.17084}
  - {x: 45.600067, y: 0, z: 264.36304}
  - {x: 55.10013, y: 0, z: 215.40121}
  - {x: 49.984726, y: 0, z: 162.78552}
  - {x: 43.174088, y: 0, z: 115.968994}
  - {x: 14.673904, y: 0, z: 108.661255}
  - {x: -19.55642, y: 0, z: 107.80951}
  - {x: -27.655434, y: 0, z: 84.611176}
  - {x: -29.056465, y: 0, z: 28.885956}
  - {x: -19.672417, y: 0, z: 1.2375488}
  - {x: -8.710831, y: 0, z: -8.262512}
  m_Textures0:
  - {x: 0, y: 0}
  - {x: 1.8976364, y: 25.618103}
  - {x: 14.232254, y: 29.41336}
  - {x: 32.25978, y: 25.618103}
  - {x: 34.157425, y: 14.232269}
  - {x: 33.20862, y: -12.334625}
  - {x: 27.515717, y: -34.15738}
  - {x: -9.488167, y: -44.59439}
  - {x: -49.338493, y: -37.952698}
  - {x: -63.57074, y: 16.129913}
  - {x: -59.775482, y: 88.24002}
  - {x: -57.877853, y: 141.37378}
  - {x: -53.13375, y: 200.20044}
  - {x: -41.747963, y: 215.38152}
  - {x: -23.524689, y: 213.57423}
  - {x: -15.753441, y: 194.34187}
  - {x: -18.253517, y: 137.4128}
  - {x: 13.283447, y: 135.68088}
  - {x: 19.925156, y: 205.89334}
  - {x: 19.92514, y: 243.84602}
  - {x: -7.590538, y: 257.12946}
  - {x: -58.826675, y: 261.87354}
  - {x: -75.905365, y: 254.28302}
  - {x: -84.44473, y: 212.53506}
  - {x: -86.34238, y: 149.91315}
  - {x: -95.830536, y: 125.2439}
  - {x: -156.55484, y: 120.49982}
  - {x: -210.63742, y: 119.550995}
  - {x: -223.92087, y: 150.86195}
  - {x: -221.71991, y: 224.52751}
  - {x: -234.8284, y: 236.04938}
  - {x: -248.11185, y: 232.63058}
  - {x: -256.52286, y: 219.42537}
  - {x: -257.1295, y: 129.03915}
  - {x: -287.4916, y: 116.70453}
  - {x: -306.46796, y: 115.75571}
  - {x: -313.1097, y: 96.77937}
  - {x: -314.0585, y: 46.492065}
  - {x: -299.82626, y: 37.952698}
  - {x: -245.74365, y: 35.106262}
  - {x: -211.58624, y: 32.259796}
  - {x: -201.14926, y: 13.283478}
  - {x: -195.45636, y: -7.5905457}
  - {x: -168.88947, y: -7.5905457}
  - {x: -133.78322, y: -8.539337}
  - {x: -123.34624, y: -33.208588}
  - {x: -122.397415, y: -63.57074}
  - {x: -158.55646, y: -62.64731}
  - {x: -160.74878, y: -36.339447}
  - {x: -193.63358, y: -34.147125}
  - {x: -230.90305, y: -27.57019}
  - {x: -240.4031, y: -2.723877}
  - {x: -270.36484, y: 1.6607666}
  - {x: -298.13422, y: 1.6607666}
  - {x: -335.4036, y: 5.314636}
  - {x: -352.21146, y: 39.66101}
  - {x: -347.8268, y: 110.54602}
  - {x: -350.74988, y: 165.35403}
  - {x: -347.82678, y: 220.89282}
  - {x: -340.51907, y: 228.20056}
  - {x: -318.34647, y: 226.00821}
  - {x: -312.2384, y: 215.7774}
  - {x: -313.65756, y: 174.89647}
  - {x: -309.09583, y: 156.58475}
  - {x: -298.86496, y: 152.2001}
  - {x: -283.18945, y: 158.32068}
  - {x: -282.72055, y: 232.0614}
  - {x: -300.7866, y: 246.82448}
  - {x: -326.36368, y: 252.67065}
  - {x: -344.84082, y: 253.92441}
  - {x: -353.88025, y: 263.46948}
  - {x: -353.4023, y: 288.39017}
  - {x: -338.08722, y: 298.84097}
  - {x: -305.3951, y: 295.71274}
  - {x: -260.2284, y: 289.50177}
  - {x: -218.08102, y: 283.91138}
  - {x: -186.85292, y: 274.02164}
  - {x: -174.19225, y: 251.39795}
  - {x: -171.4397, y: 200.78574}
  - {x: -171.4397, y: 171.55481}
  - {x: -143.67029, y: 168.63171}
  - {x: -129.7856, y: 174.4779}
  - {x: -120.28555, y: 186.17027}
  - {x: -115.90091, y: 241.70906}
  - {x: -140.74721, y: 278.24774}
  - {x: -163.40118, y: 303.82483}
  - {x: -207.97836, y: 313.32486}
  - {x: -276.28317, y: 323.79462}
  - {x: -327.6902, y: 325.45016}
  - {x: -348.1657, y: 328.74728}
  - {x: -354.86386, y: 344.01733}
  - {x: -353.4023, y: 372.51752}
  - {x: -353.4023, y: 394.4407}
  - {x: -316.86362, y: 394.44073}
  - {x: -319.05594, y: 369.59442}
  - {x: -316.86362, y: 352.78662}
  - {x: -275.20953, y: 349.86353}
  - {x: -221.1323, y: 343.28656}
  - {x: -174.36278, y: 335.97882}
  - {x: -134.90102, y: 319.9018}
  - {x: -112.97781, y: 295.0555}
  - {x: -99.82388, y: 287.7478}
  - {x: -72.054504, y: 292.86322}
  - {x: -20.16957, y: 289.94012}
  - {x: 24.407608, y: 281.17084}
  - {x: 45.600067, y: 264.36304}
  - {x: 55.10013, y: 215.40121}
  - {x: 49.984726, y: 162.78552}
  - {x: 43.174088, y: 115.968994}
  - {x: 14.673904, y: 108.661255}
  - {x: -19.55642, y: 107.80951}
  - {x: -27.655434, y: 84.611176}
  - {x: -29.056465, y: 28.885956}
  - {x: -19.672417, y: 1.2375488}
  - {x: -8.710831, y: -8.262512}
  m_Textures2: []
  m_Textures3: []
  m_Tangents:
  - {x: 1, y: -0.00000066746236, z: 5.4851283e-21, w: -1}
  - {x: 1, y: 0, z: 0, w: -1}
  - {x: 1, y: -0.00000017808712, z: -3.1446295e-20, w: -1}
  - {x: 1, y: 0.00000058479344, z: 0, w: -1}
  - {x: 1, y: -0.0000004803988, z: 0, w: -1}
  - {x: 1, y: -0.0000011091286, z: 0, w: -1}
  - {x: 1, y: -0.0000006342298, z: 0, w: -1}
  - {x: 1, y: -0.0000003654319, z: 0, w: -1}
  - {x: 1, y: -0.00000025240467, z: 0, w: -1}
  - {x: 1, y: -0.000000070064786, z: 0, w: -1}
  - {x: 1, y: 0, z: 0, w: -1}
  - {x: 1, y: 0, z: 0, w: -1}
  - {x: 1, y: 0, z: 0, w: -1}
  - {x: 1, y: 0, z: 0, w: -1}
  - {x: 1, y: 0, z: 0, w: -1}
  - {x: 1, y: 0, z: 0, w: -1}
  - {x: 1, y: 0, z: 0, w: -1}
  - {x: 1, y: 0, z: 0, w: -1}
  - {x: 1, y: 0, z: 0, w: -1}
  - {x: 1, y: 0, z: 0, w: -1}
  - {x: 1, y: 0, z: 0, w: -1}
  - {x: 1, y: 0, z: 0, w: -1}
  - {x: 1, y: 0, z: 0, w: -1}
  - {x: 1, y: 0, z: 0, w: -1}
  - {x: 1, y: 0, z: 0, w: -1}
  - {x: 1, y: 0, z: 0, w: -1}
  - {x: 1, y: 0, z: 0, w: -1}
  - {x: 1, y: 0, z: 0, w: -1}
  - {x: 1, y: 0, z: 0, w: -1}
  - {x: 1, y: 0, z: 0, w: -1}
  - {x: 1, y: 0, z: 0, w: -1}
  - {x: 1, y: 0, z: 0, w: -1}
  - {x: 1, y: 0, z: 0, w: -1}
  - {x: 1, y: 0, z: 0, w: -1}
  - {x: 1, y: 0, z: 0, w: -1}
  - {x: 1, y: 0, z: 0, w: -1}
  - {x: 1, y: -0.00000030386983, z: 0, w: -1}
  - {x: 1, y: -0.00000011688934, z: -2.1770239e-20, w: -1}
  - {x: 1, y: 0.0000003240947, z: -1.0040866e-20, w: -1}
  - {x: 1, y: 0, z: 0, w: -1}
  - {x: 1, y: 0, z: 0, w: -1}
  - {x: 1, y: 0, z: 0, w: -1}
  - {x: 1, y: 0, z: 0, w: -1}
  - {x: 1, y: 0, z: 0, w: -1}
  - {x: 1, y: 0, z: 0, w: -1}
  - {x: 1, y: -0.00000027298893, z: 9.2799365e-21, w: -1}
  - {x: 1, y: -0.0000008189668, z: 5.567962e-20, w: -1}
  - {x: 1, y: -0.0000004094834, z: 1.3919905e-20, w: -1}
  - {x: 1, y: 0, z: 0, w: -1}
  - {x: 1, y: 0, z: 0, w: -1}
  - {x: 1, y: 0, z: 0, w: -1}
  - {x: 1, y: 0, z: 0, w: -1}
  - {x: 1, y: 0, z: 0, w: -1}
  - {x: 1, y: 0, z: 0, w: -1}
  - {x: 1, y: 0.0000001869805, z: -1.6797442e-20, w: -1}
  - {x: 1, y: -0.0000005490156, z: 0, w: -1}
  - {x: 1, y: 0, z: 0, w: -1}
  - {x: 1, y: 0, z: 0, w: -1}
  - {x: 1, y: 0, z: 0, w: -1}
  - {x: 1, y: 0, z: 0, w: -1}
  - {x: 1, y: 0, z: 0, w: -1}
  - {x: 1, y: 0, z: 0, w: -1}
  - {x: 1, y: 0, z: 0, w: -1}
  - {x: 1, y: 0, z: 0, w: -1}
  - {x: 1, y: 0, z: 0, w: -1}
  - {x: 1, y: 0, z: 0, w: -1}
  - {x: 1, y: 0, z: 0, w: -1}
  - {x: 1, y: 0, z: 0, w: -1}
  - {x: 1, y: 0, z: 0, w: -1}
  - {x: 1, y: 0, z: 0, w: -1}
  - {x: 1, y: 0, z: 0, w: -1}
  - {x: 1, y: 0, z: 0, w: -1}
  - {x: 1, y: 0, z: 0, w: -1}
  - {x: 1, y: 0, z: 0, w: -1}
  - {x: 1, y: 0, z: 0, w: -1}
  - {x: 1, y: 0, z: 0, w: -1}
  - {x: 1, y: 0, z: 0, w: -1}
  - {x: 1, y: 0, z: 0, w: -1}
  - {x: 1, y: 0, z: 0, w: -1}
  - {x: 1, y: 0, z: 0, w: -1}
  - {x: 1, y: 0, z: 0, w: -1}
  - {x: 1, y: 0, z: 0, w: -1}
  - {x: 1, y: 0, z: 0, w: -1}
  - {x: 1, y: 0, z: 0, w: -1}
  - {x: 1, y: 0, z: 0, w: -1}
  - {x: 1, y: 0, z: 0, w: -1}
  - {x: 1, y: 0, z: 0, w: -1}
  - {x: 1, y: 0, z: 0, w: -1}
  - {x: 1, y: 0, z: 0, w: -1}
  - {x: 1, y: 0, z: 0, w: -1}
  - {x: 1, y: 0, z: 0, w: -1}
  - {x: 1, y: 0, z: 0, w: -1}
  - {x: 1, y: 0, z: 0, w: -1}
  - {x: 1, y: 0, z: 0, w: -1}
  - {x: 1, y: 0, z: 0, w: -1}
  - {x: 1, y: 0, z: 0, w: -1}
  - {x: 1, y: 0, z: 0, w: -1}
  - {x: 1, y: 0, z: 0, w: -1}
  - {x: 1, y: 0, z: 0, w: -1}
  - {x: 1, y: 0, z: 0, w: -1}
  - {x: 1, y: 0, z: 0, w: -1}
  - {x: 1, y: 0, z: 0, w: -1}
  - {x: 1, y: 0, z: 0, w: -1}
  - {x: 1, y: 0, z: 0, w: -1}
  - {x: 1, y: 0, z: 0, w: -1}
  - {x: 1, y: 0, z: 0, w: -1}
  - {x: 1, y: 0, z: 0, w: -1}
  - {x: 1, y: 0, z: 0, w: -1}
  - {x: 1, y: 0, z: 0, w: -1}
  - {x: 1, y: 0, z: 0, w: -1}
  - {x: 1, y: 0, z: 0, w: -1}
  - {x: 1, y: 0, z: 0, w: -1}
  - {x: 1, y: 0, z: 0, w: -1}
  - {x: 1, y: -0.00000020590585, z: 0, w: -1}
  - {x: 1, y: -0.00000028459675, z: 0, w: -1}
  m_Colors: []
  m_UnwrapParameters:
    m_HardAngle: 88
    m_PackMargin: 20
    m_AngleError: 8
    m_AreaError: 15
  m_PreserveMeshAssetOnDestroy: 0
  assetGuid: 
  m_Mesh: {fileID: 0}
  m_VersionIndex: 1877
  m_IsSelectable: 1
  m_SelectedFaces: 
  m_SelectedEdges: []
  m_SelectedVertices: 
--- !u!114 &7841743352780035082
MonoBehaviour:
  m_ObjectHideFlags: 0
  m_CorrespondingSourceObject: {fileID: 0}
  m_PrefabInstance: {fileID: 0}
  m_PrefabAsset: {fileID: 0}
  m_GameObject: {fileID: 6879977279294080344}
  m_Enabled: 1
  m_EditorHideFlags: 0
  m_Script: {fileID: 11500000, guid: bb977b126bc1b4f15813dcf9da9bb600, type: 3}
  m_Name: 
  m_EditorClassIdentifier: 
  m_Points:
  - {x: 0, y: 0, z: 0}
  - {x: 1.8976364, y: 0, z: 25.618103}
  - {x: 14.232254, y: 0, z: 29.41336}
  - {x: 32.25978, y: 0, z: 25.618103}
  - {x: 34.157425, y: -0.000030517578, z: 14.232269}
  - {x: 33.20862, y: -0.000030517578, z: -12.334625}
  - {x: 27.515717, y: 0, z: -34.15738}
  - {x: -9.488167, y: 0.000030517578, z: -44.59439}
  - {x: -49.338493, y: 0.000030517578, z: -37.952698}
  - {x: -63.57074, y: 0, z: 16.129913}
  - {x: -59.775482, y: 0, z: 88.24002}
  - {x: -57.877853, y: 0, z: 141.37378}
  - {x: -53.13375, y: 0, z: 200.20044}
  - {x: -41.747963, y: 0, z: 215.38152}
  - {x: -13.28344, y: 0, z: 215.38152}
  - {x: -1.8976364, y: 0, z: 197.354}
  - {x: -3.7952805, y: 0, z: 140.42496}
  - {x: 13.283447, y: 0, z: 135.68088}
  - {x: 19.925156, y: 0, z: 205.89334}
  - {x: 19.92514, y: 0, z: 243.84602}
  - {x: -7.590538, y: 0, z: 257.12946}
  - {x: -58.826675, y: 0, z: 261.87354}
  - {x: -75.905365, y: 0, z: 254.28302}
  - {x: -84.44473, y: 0, z: 212.53506}
  - {x: -86.34238, y: 0, z: 149.91315}
  - {x: -95.830536, y: 0, z: 125.2439}
  - {x: -156.55484, y: 0, z: 120.49982}
  - {x: -210.63742, y: 0, z: 119.550995}
  - {x: -223.92087, y: 0, z: 150.86195}
  - {x: -221.0744, y: 0, z: 225.81851}
  - {x: -242.89722, y: 0, z: 230.56259}
  - {x: -256.18063, y: 0, z: 223.92087}
  - {x: -255.23184, y: 0, z: 175.53119}
  - {x: -257.1295, y: 0, z: 129.03915}
  - {x: -287.4916, y: 0, z: 116.70453}
  - {x: -306.46796, y: 0, z: 115.75571}
  - {x: -313.1097, y: 0, z: 96.77937}
  - {x: -314.0585, y: -0.000030517578, z: 46.492065}
  - {x: -299.82626, y: 0, z: 37.952698}
  - {x: -245.74365, y: 0, z: 35.106262}
  - {x: -211.58624, y: 0, z: 32.259796}
  - {x: -201.14926, y: 0, z: 13.283478}
  - {x: -195.45636, y: 0, z: -7.5905457}
  - {x: -168.88947, y: 0, z: -7.5905457}
  - {x: -133.78322, y: 0, z: -8.539337}
  - {x: -123.34624, y: 0, z: -33.208588}
  - {x: -122.397415, y: -0.000030517578, z: -63.57074}
  - {x: -158.55646, y: 0, z: -62.64731}
  - {x: -160.74878, y: 0, z: -36.339447}
  - {x: -193.63358, y: 0, z: -34.147125}
  - {x: -230.90305, y: 0, z: -27.57019}
  - {x: -240.4031, y: 0, z: -2.723877}
  - {x: -270.36484, y: 0, z: 1.6607666}
  - {x: -298.13422, y: 0, z: 1.6607666}
  - {x: -335.4036, y: 0, z: 5.314636}
  - {x: -352.21146, y: 0, z: 39.66101}
  - {x: -347.8268, y: 0, z: 110.54602}
  - {x: -350.74988, y: 0, z: 165.35403}
  - {x: -347.82678, y: 0, z: 220.89282}
  - {x: -340.51907, y: 0, z: 228.20056}
  - {x: -314.942, y: 0, z: 226.00821}
  - {x: -309.0958, y: 0, z: 215.7774}
  - {x: -307.63425, y: 0, z: 177.77719}
  - {x: -309.09583, y: 0, z: 156.58475}
  - {x: -298.86496, y: 0, z: 152.2001}
  - {x: -287.90335, y: 0, z: 154.39243}
  - {x: -287.17258, y: 0, z: 232.58517}
  - {x: -300.7866, y: 0, z: 246.82448}
  - {x: -326.36368, y: 0, z: 252.67065}
  - {x: -347.55612, y: 0, z: 251.2091}
  - {x: -351.94077, y: 0, z: 259.9784}
  - {x: -353.4023, y: 0, z: 296.51706}
  - {x: -334.4022, y: 0, z: 306.01712}
  - {x: -294.20966, y: 0, z: 302.36325}
  - {x: -240.86319, y: 0, z: 297.24783}
  - {x: -197.74756, y: 0, z: 293.594}
  - {x: -184.59363, y: 0, z: 286.28625}
  - {x: -172.90125, y: 0, z: 255.59375}
  - {x: -171.4397, y: 0, z: 200.78574}
  - {x: -171.4397, y: 0, z: 171.55481}
  - {x: -143.67029, y: 0, z: 168.63171}
  - {x: -129.7856, y: 0, z: 174.4779}
  - {x: -120.28555, y: 0, z: 186.17027}
  - {x: -115.90091, y: 0, z: 241.70906}
  - {x: -140.74721, y: 0, z: 278.24774}
  - {x: -163.40118, y: 0, z: 303.82483}
  - {x: -207.97836, y: 0, z: 313.32486}
  - {x: -276.67108, y: 0, z: 322.8249}
  - {x: -330.01755, y: 0, z: 324.28647}
  - {x: -353.4023, y: 0, z: 324.28647}
  - {x: -354.86386, y: 0, z: 344.01733}
  - {x: -353.4023, y: 0, z: 372.51752}
  - {x: -353.4023, y: 0, z: 394.4407}
  - {x: -316.86362, y: 0, z: 394.44073}
  - {x: -319.05594, y: 0, z: 369.59442}
  - {x: -316.86362, y: 0, z: 352.78662}
  - {x: -275.20953, y: 0, z: 349.86353}
  - {x: -221.1323, y: 0, z: 343.28656}
  - {x: -174.36278, y: 0, z: 335.97882}
  - {x: -134.90102, y: 0, z: 319.9018}
  - {x: -112.97781, y: 0, z: 295.0555}
  - {x: -99.82388, y: 0, z: 287.7478}
  - {x: -72.054504, y: 0, z: 292.86322}
  - {x: -20.16957, y: 0, z: 289.94012}
  - {x: 24.407608, y: 0, z: 281.17084}
  - {x: 45.600067, y: 0, z: 264.36304}
  - {x: 55.10013, y: 0, z: 215.40121}
  - {x: 49.984726, y: 0, z: 162.78552}
  - {x: 43.174088, y: 0, z: 115.968994}
  - {x: 14.673904, y: 0, z: 108.661255}
  - {x: -10.172394, y: 0, z: 106.46893}
  - {x: -18.941666, y: 0, z: 77.23801}
  - {x: -19.672432, y: 0, z: 27.54541}
  - {x: -19.672417, y: 0, z: 1.2375488}
  - {x: -8.710831, y: 0, z: -8.262512}
  m_Extrude: 0
  m_EditMode: 0
  m_FlipNormals: 0
  isOnGrid: 1
--- !u!23 &6130889620425641507
MeshRenderer:
  m_ObjectHideFlags: 0
  m_CorrespondingSourceObject: {fileID: 0}
  m_PrefabInstance: {fileID: 0}
  m_PrefabAsset: {fileID: 0}
  m_GameObject: {fileID: 6879977279294080344}
  m_Enabled: 1
  m_CastShadows: 1
  m_ReceiveShadows: 1
  m_DynamicOccludee: 1
  m_StaticShadowCaster: 0
  m_MotionVectors: 1
  m_LightProbeUsage: 1
  m_ReflectionProbeUsage: 1
  m_RayTracingMode: 2
  m_RayTraceProcedural: 0
  m_RenderingLayerMask: 1
  m_RendererPriority: 0
  m_Materials:
  - {fileID: 2100000, guid: d5206ac7bef9a8040a29dbb0c6b89546, type: 2}
  m_StaticBatchInfo:
    firstSubMesh: 0
    subMeshCount: 0
  m_StaticBatchRoot: {fileID: 0}
  m_ProbeAnchor: {fileID: 0}
  m_LightProbeVolumeOverride: {fileID: 0}
  m_ScaleInLightmap: 1
  m_ReceiveGI: 1
  m_PreserveUVs: 0
  m_IgnoreNormalsForChartDetection: 0
  m_ImportantGI: 0
  m_StitchLightmapSeams: 1
  m_SelectedEditorRenderState: 2
  m_MinimumChartSize: 4
  m_AutoUVMaxDistance: 0.5
  m_AutoUVMaxAngle: 89
  m_LightmapParameters: {fileID: 0}
  m_SortingLayerID: 0
  m_SortingLayer: 0
  m_SortingOrder: 0
  m_AdditionalVertexStreams: {fileID: 0}
--- !u!33 &719919260745561009
MeshFilter:
  m_ObjectHideFlags: 0
  m_CorrespondingSourceObject: {fileID: 0}
  m_PrefabInstance: {fileID: 0}
  m_PrefabAsset: {fileID: 0}
  m_GameObject: {fileID: 6879977279294080344}
  m_Mesh: {fileID: 0}
--- !u!64 &2595317124517728537
MeshCollider:
  m_ObjectHideFlags: 0
  m_CorrespondingSourceObject: {fileID: 0}
  m_PrefabInstance: {fileID: 0}
  m_PrefabAsset: {fileID: 0}
  m_GameObject: {fileID: 6879977279294080344}
  m_Material: {fileID: 0}
  m_IsTrigger: 0
  m_Enabled: 1
  serializedVersion: 4
  m_Convex: 0
  m_CookingOptions: 30
  m_Mesh: {fileID: 0}
--- !u!1 &7281109595342619003
GameObject:
  m_ObjectHideFlags: 0
  m_CorrespondingSourceObject: {fileID: 0}
  m_PrefabInstance: {fileID: 0}
  m_PrefabAsset: {fileID: 0}
  serializedVersion: 6
  m_Component:
  - component: {fileID: 4987222125240258807}
  - component: {fileID: 5642442750908757346}
  - component: {fileID: 956531905221463108}
  m_Layer: 0
  m_Name: cm
  m_TagString: Untagged
  m_Icon: {fileID: 0}
  m_NavMeshLayer: 0
  m_StaticEditorFlags: 0
  m_IsActive: 1
--- !u!4 &4987222125240258807
Transform:
  m_ObjectHideFlags: 0
  m_CorrespondingSourceObject: {fileID: 0}
  m_PrefabInstance: {fileID: 0}
  m_PrefabAsset: {fileID: 0}
  m_GameObject: {fileID: 7281109595342619003}
  m_LocalRotation: {x: -0.42386785, y: -0.031780675, z: 0.014885412, w: 0.90504396}
  m_LocalPosition: {x: 275.8884, y: -217.90958, z: -108.834274}
  m_LocalScale: {x: 1, y: 1, z: 1}
  m_ConstrainProportionsScale: 0
  m_Children: []
  m_Father: {fileID: 6491605524529573342}
  m_RootOrder: 0
  m_LocalEulerAnglesHint: {x: 0, y: 0, z: 0}
--- !u!114 &5642442750908757346
MonoBehaviour:
  m_ObjectHideFlags: 0
  m_CorrespondingSourceObject: {fileID: 0}
  m_PrefabInstance: {fileID: 0}
  m_PrefabAsset: {fileID: 0}
  m_GameObject: {fileID: 7281109595342619003}
  m_Enabled: 1
  m_EditorHideFlags: 0
  m_Script: {fileID: 11500000, guid: ac0b09e7857660247b1477e93731de29, type: 3}
  m_Name: 
  m_EditorClassIdentifier: 
--- !u!114 &956531905221463108
MonoBehaviour:
  m_ObjectHideFlags: 0
  m_CorrespondingSourceObject: {fileID: 0}
  m_PrefabInstance: {fileID: 0}
  m_PrefabAsset: {fileID: 0}
  m_GameObject: {fileID: 7281109595342619003}
  m_Enabled: 1
  m_EditorHideFlags: 0
  m_Script: {fileID: 11500000, guid: f4044717213e31446939f7bd49c896ea, type: 3}
  m_Name: 
  m_EditorClassIdentifier: 
  m_TrackedObjectOffset: {x: 0, y: 0, z: 0}
  m_LookaheadTime: 0
  m_LookaheadSmoothing: 0
  m_LookaheadIgnoreY: 0
  m_HorizontalDamping: 0.5
  m_VerticalDamping: 0.5
  m_ScreenX: 0.5
  m_ScreenY: 0.5
  m_DeadZoneWidth: 0
  m_DeadZoneHeight: 0
  m_SoftZoneWidth: 0.8
  m_SoftZoneHeight: 0.8
  m_BiasX: 0
  m_BiasY: 0
  m_CenterOnActivate: 1
--- !u!1 &8165758029690799511
GameObject:
  m_ObjectHideFlags: 0
  m_CorrespondingSourceObject: {fileID: 0}
  m_PrefabInstance: {fileID: 0}
  m_PrefabAsset: {fileID: 0}
  serializedVersion: 6
  m_Component:
  - component: {fileID: 5420283939962139603}
  - component: {fileID: 7118200126153319358}
  - component: {fileID: 650876039038690966}
  m_Layer: 8
  m_Name: cm
  m_TagString: Untagged
  m_Icon: {fileID: 0}
  m_NavMeshLayer: 0
  m_StaticEditorFlags: 0
  m_IsActive: 1
--- !u!4 &5420283939962139603
Transform:
  m_ObjectHideFlags: 0
  m_CorrespondingSourceObject: {fileID: 0}
  m_PrefabInstance: {fileID: 0}
  m_PrefabAsset: {fileID: 0}
  m_GameObject: {fileID: 8165758029690799511}
  m_LocalRotation: {x: 0.107325464, y: -0.6652671, z: 0.09748357, w: -0.73239195}
  m_LocalPosition: {x: -2.6489782, y: -3.7619364, z: 108.54724}
  m_LocalScale: {x: 1, y: 1, z: 1}
  m_ConstrainProportionsScale: 0
  m_Children: []
  m_Father: {fileID: 16532390881502159}
  m_RootOrder: 0
  m_LocalEulerAnglesHint: {x: 0, y: 0, z: 0}
--- !u!114 &7118200126153319358
MonoBehaviour:
  m_ObjectHideFlags: 0
  m_CorrespondingSourceObject: {fileID: 0}
  m_PrefabInstance: {fileID: 0}
  m_PrefabAsset: {fileID: 0}
  m_GameObject: {fileID: 8165758029690799511}
  m_Enabled: 1
  m_EditorHideFlags: 0
  m_Script: {fileID: 11500000, guid: ac0b09e7857660247b1477e93731de29, type: 3}
  m_Name: 
  m_EditorClassIdentifier: 
--- !u!114 &650876039038690966
MonoBehaviour:
  m_ObjectHideFlags: 0
  m_CorrespondingSourceObject: {fileID: 0}
  m_PrefabInstance: {fileID: 0}
  m_PrefabAsset: {fileID: 0}
  m_GameObject: {fileID: 8165758029690799511}
  m_Enabled: 1
  m_EditorHideFlags: 0
  m_Script: {fileID: 11500000, guid: bd6043bde05a7fc4cba197d06915c1e3, type: 3}
  m_Name: 
  m_EditorClassIdentifier: 
  Damping: {x: 0, y: 0, z: 0}
  ShoulderOffset: {x: 0, y: 0, z: 0}
  VerticalArmLength: 0.4
  CameraSide: 1
  CameraDistance: 2
  CameraCollisionFilter:
    serializedVersion: 2
    m_Bits: 0
  IgnoreTag: 
  CameraRadius: 0.2
  DampingIntoCollision: 0
  DampingFromCollision: 2
--- !u!1 &8826580947060529500
GameObject:
  m_ObjectHideFlags: 0
  m_CorrespondingSourceObject: {fileID: 0}
  m_PrefabInstance: {fileID: 0}
  m_PrefabAsset: {fileID: 0}
  serializedVersion: 6
  m_Component:
  - component: {fileID: 3552582237823742417}
  - component: {fileID: 1777446142896514921}
  m_Layer: 0
  m_Name: Trigger Puzzle Bush
  m_TagString: Untagged
  m_Icon: {fileID: 0}
  m_NavMeshLayer: 0
  m_StaticEditorFlags: 0
  m_IsActive: 1
--- !u!4 &3552582237823742417
Transform:
  m_ObjectHideFlags: 0
  m_CorrespondingSourceObject: {fileID: 0}
  m_PrefabInstance: {fileID: 0}
  m_PrefabAsset: {fileID: 0}
  m_GameObject: {fileID: 8826580947060529500}
  m_LocalRotation: {x: 0, y: 0, z: 0, w: 1}
  m_LocalPosition: {x: -20.4, y: 10, z: -21.3}
  m_LocalScale: {x: 1, y: 1, z: 1}
  m_ConstrainProportionsScale: 0
  m_Children: []
  m_Father: {fileID: 7715329618910811619}
  m_RootOrder: 0
  m_LocalEulerAnglesHint: {x: 0, y: 0, z: 0}
--- !u!65 &1777446142896514921
BoxCollider:
  m_ObjectHideFlags: 0
  m_CorrespondingSourceObject: {fileID: 0}
  m_PrefabInstance: {fileID: 0}
  m_PrefabAsset: {fileID: 0}
  m_GameObject: {fileID: 8826580947060529500}
  m_Material: {fileID: 0}
  m_IsTrigger: 1
  m_Enabled: 1
  serializedVersion: 2
  m_Size: {x: 16.16988, y: 35.533142, z: 86.737076}
  m_Center: {x: -12.302856, y: 7.233429, z: 17.02713}
--- !u!1001 &8562759198951613899
PrefabInstance:
  m_ObjectHideFlags: 0
  serializedVersion: 2
  m_Modification:
    m_TransformParent: {fileID: 880506359049940029}
    m_Modifications:
    - target: {fileID: 768050557444544788, guid: 3b7ea10d1c774694ab4a013fc6bdadc7, type: 3}
      propertyPath: m_Name
      value: Scene 20
      objectReference: {fileID: 0}
    - target: {fileID: 8837370306256059114, guid: 3b7ea10d1c774694ab4a013fc6bdadc7, type: 3}
      propertyPath: m_RootOrder
      value: 8
      objectReference: {fileID: 0}
    - target: {fileID: 8837370306256059114, guid: 3b7ea10d1c774694ab4a013fc6bdadc7, type: 3}
      propertyPath: m_LocalPosition.x
      value: 0
      objectReference: {fileID: 0}
    - target: {fileID: 8837370306256059114, guid: 3b7ea10d1c774694ab4a013fc6bdadc7, type: 3}
      propertyPath: m_LocalPosition.y
      value: 0
      objectReference: {fileID: 0}
    - target: {fileID: 8837370306256059114, guid: 3b7ea10d1c774694ab4a013fc6bdadc7, type: 3}
      propertyPath: m_LocalPosition.z
      value: 0
      objectReference: {fileID: 0}
    - target: {fileID: 8837370306256059114, guid: 3b7ea10d1c774694ab4a013fc6bdadc7, type: 3}
      propertyPath: m_LocalRotation.w
      value: 1
      objectReference: {fileID: 0}
    - target: {fileID: 8837370306256059114, guid: 3b7ea10d1c774694ab4a013fc6bdadc7, type: 3}
      propertyPath: m_LocalRotation.x
      value: 0
      objectReference: {fileID: 0}
    - target: {fileID: 8837370306256059114, guid: 3b7ea10d1c774694ab4a013fc6bdadc7, type: 3}
      propertyPath: m_LocalRotation.y
      value: 0
      objectReference: {fileID: 0}
    - target: {fileID: 8837370306256059114, guid: 3b7ea10d1c774694ab4a013fc6bdadc7, type: 3}
      propertyPath: m_LocalRotation.z
      value: 0
      objectReference: {fileID: 0}
    - target: {fileID: 8837370306256059114, guid: 3b7ea10d1c774694ab4a013fc6bdadc7, type: 3}
      propertyPath: m_LocalEulerAnglesHint.x
      value: 0
      objectReference: {fileID: 0}
    - target: {fileID: 8837370306256059114, guid: 3b7ea10d1c774694ab4a013fc6bdadc7, type: 3}
      propertyPath: m_LocalEulerAnglesHint.y
      value: 0
      objectReference: {fileID: 0}
    - target: {fileID: 8837370306256059114, guid: 3b7ea10d1c774694ab4a013fc6bdadc7, type: 3}
      propertyPath: m_LocalEulerAnglesHint.z
      value: 0
      objectReference: {fileID: 0}
    m_RemovedComponents: []
  m_SourcePrefab: {fileID: 100100000, guid: 3b7ea10d1c774694ab4a013fc6bdadc7, type: 3}
--- !u!4 &896688459291434785 stripped
Transform:
  m_CorrespondingSourceObject: {fileID: 8837370306256059114, guid: 3b7ea10d1c774694ab4a013fc6bdadc7, type: 3}
  m_PrefabInstance: {fileID: 8562759198951613899}
  m_PrefabAsset: {fileID: 0}
--- !u!1001 &9222118995729628934
PrefabInstance:
  m_ObjectHideFlags: 0
  serializedVersion: 2
  m_Modification:
    m_TransformParent: {fileID: 880506359049940029}
    m_Modifications:
    - target: {fileID: 1178922452795515063, guid: fd5df6d6cab1e354aa9e6e3b6b345dc7, type: 3}
      propertyPath: m_LocalPosition.y
      value: 42.97706
      objectReference: {fileID: 0}
    - target: {fileID: 1178922452795515063, guid: fd5df6d6cab1e354aa9e6e3b6b345dc7, type: 3}
      propertyPath: m_LocalPosition.z
      value: -34.08139
      objectReference: {fileID: 0}
    - target: {fileID: 1178922453596082849, guid: fd5df6d6cab1e354aa9e6e3b6b345dc7, type: 3}
      propertyPath: m_RootOrder
      value: 7
      objectReference: {fileID: 0}
    - target: {fileID: 1178922453596082849, guid: fd5df6d6cab1e354aa9e6e3b6b345dc7, type: 3}
      propertyPath: m_LocalPosition.x
      value: -205.3
      objectReference: {fileID: 0}
    - target: {fileID: 1178922453596082849, guid: fd5df6d6cab1e354aa9e6e3b6b345dc7, type: 3}
      propertyPath: m_LocalPosition.y
      value: 1.05
      objectReference: {fileID: 0}
    - target: {fileID: 1178922453596082849, guid: fd5df6d6cab1e354aa9e6e3b6b345dc7, type: 3}
      propertyPath: m_LocalPosition.z
      value: -363.7
      objectReference: {fileID: 0}
    - target: {fileID: 1178922453596082849, guid: fd5df6d6cab1e354aa9e6e3b6b345dc7, type: 3}
      propertyPath: m_LocalRotation.w
      value: 1
      objectReference: {fileID: 0}
    - target: {fileID: 1178922453596082849, guid: fd5df6d6cab1e354aa9e6e3b6b345dc7, type: 3}
      propertyPath: m_LocalRotation.x
      value: 0
      objectReference: {fileID: 0}
    - target: {fileID: 1178922453596082849, guid: fd5df6d6cab1e354aa9e6e3b6b345dc7, type: 3}
      propertyPath: m_LocalRotation.y
      value: 0
      objectReference: {fileID: 0}
    - target: {fileID: 1178922453596082849, guid: fd5df6d6cab1e354aa9e6e3b6b345dc7, type: 3}
      propertyPath: m_LocalRotation.z
      value: 0
      objectReference: {fileID: 0}
    - target: {fileID: 1178922453596082849, guid: fd5df6d6cab1e354aa9e6e3b6b345dc7, type: 3}
      propertyPath: m_LocalEulerAnglesHint.x
      value: 0
      objectReference: {fileID: 0}
    - target: {fileID: 1178922453596082849, guid: fd5df6d6cab1e354aa9e6e3b6b345dc7, type: 3}
      propertyPath: m_LocalEulerAnglesHint.y
      value: 0
      objectReference: {fileID: 0}
    - target: {fileID: 1178922453596082849, guid: fd5df6d6cab1e354aa9e6e3b6b345dc7, type: 3}
      propertyPath: m_LocalEulerAnglesHint.z
      value: 0
      objectReference: {fileID: 0}
    - target: {fileID: 1178922453596082861, guid: fd5df6d6cab1e354aa9e6e3b6b345dc7, type: 3}
      propertyPath: m_Name
      value: Player
      objectReference: {fileID: 0}
    - target: {fileID: 1178922453596082861, guid: fd5df6d6cab1e354aa9e6e3b6b345dc7, type: 3}
      propertyPath: m_IsActive
      value: 1
      objectReference: {fileID: 0}
    - target: {fileID: 5070623631338164580, guid: fd5df6d6cab1e354aa9e6e3b6b345dc7, type: 3}
      propertyPath: m_Mesh
      value: 
      objectReference: {fileID: 0}
    - target: {fileID: 7798434833672907283, guid: fd5df6d6cab1e354aa9e6e3b6b345dc7, type: 3}
      propertyPath: m_Materials.Array.size
      value: 1
      objectReference: {fileID: 0}
    - target: {fileID: 7996510751417175067, guid: fd5df6d6cab1e354aa9e6e3b6b345dc7, type: 3}
      propertyPath: m_ReactionSettings.m_NoiseOffsets.x
      value: 681.9198
      objectReference: {fileID: 0}
    - target: {fileID: 7996510751417175067, guid: fd5df6d6cab1e354aa9e6e3b6b345dc7, type: 3}
      propertyPath: m_ReactionSettings.m_NoiseOffsets.y
      value: 707.93726
      objectReference: {fileID: 0}
    - target: {fileID: 7996510751417175067, guid: fd5df6d6cab1e354aa9e6e3b6b345dc7, type: 3}
      propertyPath: m_ReactionSettings.m_NoiseOffsets.z
      value: 966.16675
      objectReference: {fileID: 0}
    m_RemovedComponents: []
  m_SourcePrefab: {fileID: 100100000, guid: fd5df6d6cab1e354aa9e6e3b6b345dc7, type: 3}
--- !u!114 &8045632235804241313 stripped
MonoBehaviour:
  m_CorrespondingSourceObject: {fileID: 1178922453596082855, guid: fd5df6d6cab1e354aa9e6e3b6b345dc7, type: 3}
  m_PrefabInstance: {fileID: 9222118995729628934}
  m_PrefabAsset: {fileID: 0}
  m_GameObject: {fileID: 0}
  m_Enabled: 1
  m_EditorHideFlags: 0
  m_Script: {fileID: 11500000, guid: cd198dd87548c5d4187c443548b90e6a, type: 3}
  m_Name: 
  m_EditorClassIdentifier: 
--- !u!4 &8045632235804241319 stripped
Transform:
  m_CorrespondingSourceObject: {fileID: 1178922453596082849, guid: fd5df6d6cab1e354aa9e6e3b6b345dc7, type: 3}
  m_PrefabInstance: {fileID: 9222118995729628934}
  m_PrefabAsset: {fileID: 0}
